 Dungeon Crawl Stone Soup version 0.28-a0-1555-g9ae15a6949 (webtiles) character file.

Game seed: 1989496948254967989

21 voltaire321 the Charlatan (level 2, -1/22 HPs)
             Began as a Merfolk Artificer on Jan 19, 2022.
             Succumbed to an adder's poison
             ... on level 2 of the Dungeon.
             The game lasted 00:03:35 (1174 turns).

voltaire321 the Charlatan (Merfolk Artificer)       Turns: 1174, Time: 00:03:35

Health: -1/22      AC:  5    Str: 12    XL:     2   Next: 87%
Magic:  2/2        EV: 26    Int: 10    God:
Gold:   25         SH:  0    Dex: 14    Spells: 1/1 levels left

rFire   . . .      SeeInvis .   m - +0 spear
rCold   . . .      Faith    .   (no shield)
rNeg    . . .      Spirit   .   i - +0 ring mail
rPois   +          Reflect  .   (no helmet)
rElec   .          Harm     .   (no cloak)
rCorr   .          Rampage  .   (no gloves)
Will    .....                   (no boots)
Stlth   +.........              h - amulet of the acrobat
HPRegen 0.07/turn               f - ring of poison resistance
MPRegen 0.08/turn               (no ring)

@: lethally poisoned (-1 -> -6), acrobatic
A: (nimble swimmer 2), mertail
a: no special abilities


You were on level 2 of the Dungeon.
You visited 1 branch of the dungeon, and saw 2 of its levels.

You collected 25 gold pieces.

Inventory:

Hand Weapons
 a - a +0 club
 j - a +0 dagger
 m - a +0 spear (weapon)
Missiles
 g - 4 poisoned darts
Armour
 b - a +0 leather armour
 i - a +0 ring mail (worn)
Jewellery
 f - a ring of poison resistance (left hand)
 h - an amulet of the acrobat (around neck)
Wands
 c - a wand of flame (15) (quivered)
 d - a wand of charming (15)
Scrolls
 l - 2 scrolls of enchant armour {unknown}
 n - a scroll of magic mapping {unknown}
 o - a scroll of amnesia {unknown}
Potions
 k - a potion of degeneration {unknown}
 p - 2 potions of curing {unknown}
Miscellaneous
 e - a piece from Xom's chessboard (15/15)


   Skills:
 + Level 1.7 Fighting
 + Level 1.0 Armour
 + Level 3.2 Dodging
 - Level 1.1 Stealth
 + Level 3.2 Evocations


You had one spell level left.
You didn't know any spells.
Your spell library was empty.

Dungeon Overview and Level Annotations

Branches:
Dungeon (2/15)

Altars:


Innate Abilities, Weirdness & Mutations

((You are very nimble when in or above water. (Stealth+, EV+, Speed+++)))
Your lower body shifts to a powerful aquatic tail in water.


Message History

The adder is severely wounded.
The adder bites you but does no damage. x2
Reach: m) +0 spear
Press: ? - help, Dir - move target, f/p - adder
Aim: an adder (severely wounded, about 58% to evade your +0 spear)
You barely miss the adder.
The adder is severely wounded.
The adder misses you.
Reach: m) +0 spear
Press: ? - help, Dir - move target, f/p - adder
Aim: an adder (severely wounded, about 58% to evade your +0 spear)
You hit the adder.
The adder is severely wounded.
The adder misses you. The adder barely misses you.
Reach: m) +0 spear
Press: ? - help, Dir - move target, f/p - adder
Aim: an adder (severely wounded, about 58% to evade your +0 spear)
You hit the adder.
The adder is almost dead.
The adder barely misses you.
Reach: m) +0 spear
Press: ? - help, Dir - move target, f/p - adder
Aim: an adder (almost dead, about 58% to evade your +0 spear)
You closely miss the adder.
The adder is almost dead.
The adder closely misses you. The adder barely misses you.
You closely miss the adder.
The adder is almost dead.
The adder bites you.
* * * LOW HITPOINT WARNING * * *
Reach: m) +0 spear
Press: ? - help, Dir - move target, f/p - adder
Aim: an adder (almost dead, about 58% to evade your +0 spear)
You hit the adder but do no damage.
The adder is almost dead.
The adder bites you.
* * * LOW HITPOINT WARNING * * *
You are lethally poisoned!
The adder poisons you!
You die...

...........#######.
#..................
#...........#######
. ..........### #.
.... ##.......##
##.#...# ##.....##
.....#.# ###.#..##
.#..... #.##..#####
##.##...# .
##....@####..##...##
#####..Sb#.# #....#
####...###..#
#...#..#...##
#.####†.....# #.
#......# .
#...##..... ##
....## ###.# ##...#
<..


You could see an adder and a bat.

Vanquished Creatures
  A dart slug (D:1)
  A ball python (D:1)
  2 endoplasms (D:1)
  A giant cockroach (D:2)
  A hobgoblin (D:2)
  5 bats
  A frilled lizard (D:2)
  3 goblins
  3 kobolds
  2 rats (D:1)
20 creatures vanquished.

Notes
Turn   | Place    | Note
-------+----------+-------------------------------------------
     0 | D:1      | voltaire321 the Merfolk Artificer began the quest for the
                  | Orb.
     0 | D:1      | Reached XP level 1. HP: 15/15 MP: 1/1
   519 | D:1      | Reached XP level 2. HP: 16/21 MP: 2/2
   818 | D:1      | Reached skill level 1 in Armour
  1173 | D:2      | HP: 1/22 [adder (3)]
  1174 | D:2      | Succumbed to an adder's poison

Illustrated notes

Levels and vault maps discovered:
D:1:      minmay_arrival_widening_spiral_wide, layout_loops_ring
D:2:      layout_rooms, shapermc_ecumenical_altar_acropolis

Skill      XL: |  1  2 |
---------------+-------+-----
Dodging        | 3 |  3.2
Armour         | 1 |  1.0
Fighting       | |  1.7
Stealth        | |  1.1
Evocations     | |  3.2

Action                   || total
-------------------------++-------
Melee: Dagger            ||    32
       Club              ||     3
       Spear             ||    57
Armor: Ring mail         ||    34
       Leather armour    ||     1
Dodge: Dodged            ||    71

Table legend: (Time is in decaauts)
 A = Elapsed time spent in this place.
 B = Non-inter-level travel time spent in this place.
 C = Inter-level travel time spent in this place.
 D = Time resting spent in this place.
 E = Time spent auto-exploring this place.
 F = Levels seen in this place.
 G = Mean time per level.
                   A        B        C        D        E       F      G
               +--------+--------+--------+--------+--------+-----+--------+
         Total |   1178 |   1178 |      0 |    208 |    638 |   2 |  589.0 |
       Dungeon |   1178 |   1178 |      0 |    208 |    638 |   2 |  589.0 |
               +--------+--------+--------+--------+--------+-----+--------+

Top non-repeatable levels by time:
     D:1: 1043 daAuts
     D:2: 135 daAuts
